Map: Alcyone LE

Players

Reynor - Winner!

  • Race: Zerg Zerg
  • League: Grandmaster
  • Spawn Location: 7:00

Bunny

  • Race: Terran Terran
  • Spawn Location: 1:00

VOD

Have the link to the VOD?

Description

Reynor's Macro Opener vs Bunny GSL Quali 2024 April

Time

  • Played on: April 18, 2024, 3:55 a.m.
  • Length: 11:25
Show
View Real Time Build Order
Export as new Build Order

Reynor Zerg - Winner!

Build Orders: Hatch First 

Get SALT Encoding   

  12  0:00  Drone  
  13  0:12  Overlord  
  13  0:16  Drone  
  14  0:30  Drone  
  14  0:31  Drone  
  16  0:47  Hatchery  
  15  0:51  Drone  
  15  0:54  Drone  
  17  0:58  Drone  
  18  1:08  Extractor  
  17  1:12  Spawning Pool  
  17  1:16  Drone  
  17  1:19  Drone  
  18  1:27  Drone  
  19  1:38  Drone  
  20  1:48  Drone  
  21  1:59  Queen x2  
  21  2:00  Zergling x4  
  27  2:16  Hatchery  
  27  2:18  Overlord  
  27  2:21  Drone  
  27  2:24  Drone  
  28  2:37  Drone x3  
  28  2:38  Metabolic Boost  
  28  2:44  Queen  
  31  2:48  Overlord  
  33  2:52  Drone  
  33  2:54  Drone  
  33  2:57  Drone  
  36  3:06  Queen  
  36  3:08  Overlord  
  36  3:10  Drone  
  39  3:13  Drone x2  
  39  3:17  Drone x2  
  43  3:23  Drone  
  43  3:26  Queen  
  44  3:27  Drone  
  44  3:28  Drone  
  44  3:32  Drone  
  49  3:36  Overlord  
  49  3:41  Drone x3  
  52  3:45  Queen  
  54  3:48  Zergling x2  
  54  3:49  Zergling x4  
  54  3:52  Drone  
  54  3:54  Queen  
  60  3:58  Overlord  
  60  3:59  Drone  
  60  4:02  Overlord  
  61  4:04  Drone  
  61  4:06  Drone  
  61  4:08  Drone  
  61  4:09  Drone  
  65  4:10  Drone  
  65  4:16  Queen  
  68  4:17  Overlord  
  68  4:19  Drone x2  
  68  4:22  Zergling x2  
  71  4:31  Drone x2, Overlord  
  73  4:32  Drone, Roach Warren  
  73  4:33  Drone  
  73  4:35  Overlord  
  73  4:36  Drone  
  75  4:40  Lair  
  75  4:43  Drone x2, Extractor  
  76  4:46  Zergling x4  
  77  4:54  Drone  
  77  4:58  Drone x2  
  79  5:01  Overlord  
  79  5:03  Drone, Hatchery  
  79  5:06  Drone x2  
  81  5:07  Overlord  
  81  5:12  Evolution Chamber, Overlord  
  80  5:15  Drone x2  
  80  5:17  Overlord  
  82  5:26  Drone x2  
  82  5:27  Drone  
  85  5:30  Extractor, Overlord  
  85  5:32  Hatchery  
  82  5:38  Roach x3  
  82  5:39  Overseer, Zerg Ground Armor Level 1  
  82  5:40  Drone, Extractor  
  82  5:42  Overlord  
  88  5:45  Drone  
  88  5:46  Glial Reconstitution  
  88  5:47  Extractor, Drone  
  91  5:50  Roach, Queen  
  90  5:58  Roach  
  90  5:59  Zergling x6  
  90  6:00  Roach, Queen  
  90  6:02  Overlord  
  99  6:05  Roach  
  99  6:06  Drone x4  
  99  6:11  Roach x2  
  109  6:13  Drone x2  
  111  6:18  Roach x3  
  111  6:25  Roach x2  
  113  6:29  Roach, Queen x2  
  109  6:34  Roach x3  
  113  6:40  Roach x3, Overlord  
  113  6:42  Roach x2  
  113  6:43  Roach  
  113  6:46  Roach x2  
  121  6:51  Roach x2  
  121  6:52  Extractor  
  121  6:54  Overlord  
  124  6:58  Roach, Ravager  
  124  7:00  Ravager  
  128  7:02  Zergling x10  
  128  7:06  Ravager  
  134  7:09  Roach x2  
  134  7:11  Zergling x6  
  134  7:12  Overlord  
  134  7:14  Roach x2  
  145  7:19  Ravager  
  145  7:22  Roach  
  146  7:24  Overlord  
  146  7:25  Overlord  
  146  7:28  Overlord  
  146  7:33  Overlord  
  146  7:38  Overlord  
  146  7:39  Spine Crawler  
  146  7:40  Spine Crawler  
  138  7:46  Roach x9  
  138  7:48  Ravager x2  
  157  7:57  Roach x4  
  160  8:02  Roach  
  160  8:04  Roach  
  163  8:11  Roach x2  
  167  8:19  Roach  
  148  8:21  Queen  
  148  8:22  Roach  
  130  8:28  Zerg Missile Weapons Level 1  
  130  8:29  Roach  
  128  8:34  Ravager  
  128  8:35  Ravager  
  128  8:38  Roach  
  124  8:44  Roach, Hatchery  
  124  8:47  Roach  
  121  8:51  Roach  
  121  8:55  Roach  
  125  8:58  Roach x2  
  129  9:03  Roach x2  
  133  9:11  Roach x3  
  139  9:17  Roach  
  139  9:22  Roach x2  
  141  9:34  Roach x2  
  141  9:35  Roach x3  
  143  9:43  Roach x3  
  147  9:46  Ravager x2  
  147  9:51  Roach  
  151  9:57  Roach x3  
  155  10:10  Roach x5  
  141  10:18  Roach x2  
  143  10:21  Roach  
  143  10:22  Roach  
  143  10:25  Roach  
  143  10:27  Extractor  
  148  10:28  Extractor  
  148  10:35  Roach x3  
  153  10:42  Ravager  
  154  10:43  Zergling x10  
  154  10:44  Hatchery  
  154  10:47  Roach x2  
  160  10:55  Roach  
  160  10:56  Roach x3  
  168  10:58  Overlord x2  
  168  11:00  Overlord  
  168  11:03  Overlord  
Show
View Real Time Build Order
Export as new Build Order

Bunny Terran 

Build Orders: Reaper Expand, Hellion Banshee 

Get SALT Encoding   

  12  0:00  SCV  
  13  0:12  SCV  
  14  0:17  Supply Depot  
  14  0:24  SCV  
  15  0:38  SCV  
  15  0:39  Barracks  
  15  0:42  Refinery  
  16  0:50  SCV  
  17  1:02  SCV  
  18  1:15  SCV  
  19  1:26  Reaper  
  19  1:27  Orbital Command  
  20  1:37  Command Center  
  20  1:45  Supply Depot  
  20  1:52  SCV  
  21  1:58  Marine  
  22  2:04  SCV  
  22  2:06  Factory  
  23  2:12  Refinery  
  23  2:17  SCV  
  23  2:19  Barracks Reactor  
  24  2:29  SCV  
  25  2:41  SCV  
  26  2:49  Orbital Command  
  26  2:51  Starport  
  26  2:53  SCV  
  27  2:59  Hellion  
  27  3:00  Hellion  
  27  3:05  Barracks Tech Lab, SCV  
  32  3:15  SCV  
  32  3:17  SCV  
  32  3:19  Supply Depot  
  34  3:21  Hellion x2  
  38  3:27  SCV  
  38  3:29  Barracks Tech Lab, SCV  
  38  3:32  Banshee  
  43  3:39  SCV  
  44  3:41  SCV  
  44  3:42  Hellion  
  44  3:44  Hellion  
  49  3:49  Supply Depot  
  49  3:50  Marine  
  49  3:54  Stimpack, SCV  
  49  3:55  SCV  
  52  4:06  SCV  
  52  4:07  SCV  
  52  4:08  Barracks  
  54  4:11  Barracks  
  54  4:18  Factory Reactor  
  54  4:19  SCV x2  
  54  4:23  Supply Depot, Marine  
  57  4:25  Engineering Bay  
  57  4:26  Starport Reactor, Refinery  
  57  4:32  SCV x2  
  59  4:41  Barracks, Marine  
  59  4:43  Barracks  
  59  4:44  SCV x2  
  62  4:49  Supply Depot  
  62  4:54  Terran Infantry Weapons Level 1  
  62  4:56  SCV x2  
  62  4:57  Marine x2  
  66  5:05  Marine x2  
  68  5:09  Supply Depot  
  68  5:10  Marine  
  68  5:11  Siege Tank  
  68  5:12  Medivac  
  68  5:13  Medivac  
  76  5:16  Marine x2  
  76  5:19  Supply Depot  
  78  5:31  Marine x4, Supply Depot  
  78  5:34  Marine x2  
  84  5:36  Marine  
  84  5:39  Combat Shield  
  85  5:44  Siege Tank  
  85  5:49  Marine x4  
  92  5:50  Medivac  
  92  5:52  Marine  
  92  5:56  Medivac  
  97  5:58  Marine x2  
  97  6:00  Supply Depot  
  97  6:01  Supply Depot  
  99  6:07  Marine  
  100  6:12  Marine x2  
  100  6:17  Supply Depot  
  102  6:19  Marine x2  
  102  6:20  Marine x2  
  102  6:22  Siege Tank  
  99  6:27  Marine  
  93  6:33  Marine  
  93  6:34  Medivac  
  93  6:37  Marauder  
  93  6:43  Marine x4  
  93  6:44  Marine  
  93  6:45  Medivac  
  98  6:51  Marine  
  99  6:55  Siege Tank  
  99  6:58  Marine  
  99  7:00  Marine  
  99  7:01  Supply Depot, Marine x3  
  107  7:04  Marine  
  108  7:09  Marine  
  108  7:16  Marine  
  108  7:18  Marine  
  108  7:19  Marine x3  
  108  7:22  Marine  
  114  7:25  Medivac  
  114  7:26  Marine  
  117  7:36  Siege Tank  
  117  7:49  Marine x3  
  117  7:50  Marine  
  114  8:03  Marine  
  114  8:04  Marine x2  
  111  8:12  Marine  
  111  8:13  Marine x3  
  90  8:21  Marine x3  
  71  8:30  Marine  
  71  8:31  Marine  
  68  8:40  Marine x4  
  71  8:51  Siege Tank  
  71  8:52  Marine x2  
  76  8:56  Marine  
  76  8:58  Marine  
  76  8:59  Marine  
  76  9:01  Marine  
  80  9:04  Marine  
  83  9:10  Marine  
  83  9:13  Marine  
  83  9:20  Marine x2  
  83  9:23  Siege Tank  
  88  9:31  Marine x3  
  88  9:36  Marine x2  
  88  9:38  Marine  
  78  9:47  Marine  
  78  9:49  Marine x3  
  81  9:54  Marine x2  
  81  9:55  Marine  
  81  9:58  Siege Tank  
  86  10:02  Medivac  
  86  10:04  Marine  
  86  10:07  Marine x2  
  82  10:22  Marine x2  
  82  10:23  Marine x3  
  82  10:24  Marine  
  82  10:25  Marine  
  88  10:40  Marine x5  
  88  10:42  Marine x2  
  93  10:45  Siege Tank  
  98  10:58  Marine x5  
Tags
 
Add a new tag
Caveats
  • Supply blocks, unpowered buildings, or Contaminate may cause inaccurate times.
  • Supply counts are checked every 10 seconds.